 Dungeon Crawl Stone Soup version 0.27-a0-46-g34d46f0a3f (webtiles) character file.

Game seed: 2154807442138540138

580 Borgoz the Skirmisher (level 7, 0/49 HPs)
             Began as a Halfling Fighter on Jan 6, 2021.
             Slain by a water moccasin skeleton (2 damage)
             ... on level 4 of the Dungeon.
             The game lasted 00:03:45 (3271 turns).

Borgoz the Skirmisher (Halfling Fighter)            Turns: 3271, Time: 00:03:45

Health: 0/49       AC: 12    Str: 19      XL:     7   Next: 63%
Magic:  7/7        EV:  9    Int:  6      God:
Gold:   103        SH: 10    Dex: 12 (14) Spells: 6/6 levels left

rFire    . . .     SeeInvis +   a - +0 long sword
rCold    . . .     Faith    .   c - +0 kite shield
rNeg     . . .     Spirit   .   b - +1 scale mail
rPois    .         Reflect  .   (no helmet)
rElec    .         Harm     .   j - +0 cloak
rCorr    .         Rampage  .   (no gloves)
Will     +....                  d - +2 pair of boots
Stlth    ..........             (no amulet)
HPRegen  0.16/turn              k - ring of willpower
MPRegen  0.10/turn              g - ring of see invisible

@: lethally poisoned (0 -> -5)
A: small, mutation resistance 1
a: no special abilities


You were on level 4 of the Dungeon.
You visited 1 branch of the dungeon, and saw 4 of its levels.

You collected 103 gold pieces.

Inventory:

Hand Weapons
 a - a +0 long sword (weapon)
Armour
 b - a +1 scale mail (worn)
 c - a +0 kite shield (worn)
 d - a +2 pair of boots (worn)
 j - a +0 cloak (worn)
Jewellery
 g - a ring of see invisible (right hand)
 k - a ring of willpower (left hand)
 m - an uncursed ring of willpower
Scrolls
 h - a scroll of magic mapping
 i - a scroll of teleportation
 l - 2 scrolls of remove curse
Potions
 e - 2 potions of flight
 f - a potion of brilliance


   Skills:
 * Level 4.8 Fighting
 * Level 4.7 Long Blades
 + Level 4.6 Armour
 + Level 4.8 Shields


You had 6 spell levels left.
You didn't know any spells.
Your spell library was empty.

Dungeon Overview and Level Annotations

Branches:
Dungeon (4/15)
 Temple: D:4-7

Altars:


Innate Abilities, Weirdness & Mutations

You are small and have problems with some larger weapons.
You are somewhat resistant to further mutation.


Message History

* * * LOW HITPOINT WARNING * * *
You feel sick.
The water moccasin skeleton bites you but does no damage.
You hit the water moccasin skeleton.
The water moccasin skeleton is severely damaged.
* * * LOW HITPOINT WARNING * * *
You feel sick.
You block the water moccasin skeleton's attack.
The water moccasin skeleton closely misses you.
Okay, then.
Okay, then.
You hit the water moccasin skeleton but do no damage.
The water moccasin skeleton is severely damaged.
* * * LOW HITPOINT WARNING * * *
You feel sick.
The water moccasin skeleton bites you but does no damage.
You hit the water moccasin skeleton.
The water moccasin skeleton is almost destroyed.
The water moccasin skeleton bites you.
You die...

## ### #. .. ### #. ..
... # #. . #.# #.##.#.
#.# .....########.##
######>.....†.....#
.......@......##..##
###....Z.......#...#
...............#.#.#
..............##.#.#####
....#...................
#...############.##.###.
#.. #.##.###) ##
#........ ####.....


You could see a water moccasin skeleton.

Vanquished Creatures
  Sigmund (D:4)
  An ogre (D:4)
  A scorpion (D:4)
  A hound (D:4)
  An orc priest (D:3)
  An orc wizard (D:3)
  An iguana (D:4)
  A worker ant (D:2)
  5 adders
  3 oozes
  3 worms
  A dart slug (D:2)
  2 leopard geckos (D:2)
  8 orcs (D:3)
  6 bats
  4 giant cockroaches
  8 hobgoblins
  6 jackals (D:2)
  A quokka (D:2)
  4 ball pythons
  5 frilled lizards
  8 goblins
  7 kobolds
  A leopard gecko skeleton (D:4)
  8 rats
88 creatures vanquished.

Notes
Turn   | Place    | Note
-------+----------+-------------------------------------------
     0 | D:1      | Borgoz the Halfling Fighter began the quest for the Orb.
     0 | D:1      | Reached XP level 1. HP: 15/15 MP: 1/1
   195 | D:1      | Reached XP level 2. HP: 20/20 MP: 2/2
   715 | D:2      | Reached XP level 3. HP: 7/26 MP: 3/3
   727 | D:2      | Reached XP level 4. HP: 22/31 MP: 4/4
  1301 | D:2      | Reached XP level 5. HP: 36/36 MP: 5/5
  2294 | D:3      | Reached XP level 6. HP: 33/43 MP: 6/6
  2887 | D:4      | Noticed Sigmund
  2905 | D:4      | Killed Sigmund
  2906 | D:4      | Reached XP level 7. HP: 36/49 MP: 7/7
  3269 | D:4      | HP: 2/49 [poisoned by a scorpion]
  3271 | D:4      | Slain by a water moccasin skeleton

Illustrated notes

Levels and vault maps discovered:
D:1:      dpeg_arrival_tiny_a, layout_basic, minmay_misc_feat_five,
          minmay_tetromino_l4
D:2:      layout_basic
D:3:      layout_basic
D:4:      layout_basic, uniq_sigmund

Skill      XL: |  1  2  3  4  5  6 |
---------------+-------------------+-----
Fighting       | 3 4 |  4.8
Long Blades    | 3 4 |  4.7
Shields        | 4 |  4.8
Armour         | 4 |  4.6

Action                   |  1- 3 |  4- 6 |  7- 9 || total
-------------------------+-------+-------+-------++-------
Melee: Long sword        |    67 |   213 |    40 ||   320
  Use: Scroll            |     5 |     3 |       ||     8
       Potion            |     3 |     1 |       ||     4
Armor: Scale mail        |    33 |   104 |    20 ||   157
Dodge: Dodged            |    30 |    82 |    20 ||   132
Block: Kite shield       |    48 |   136 |    24 ||   208
       Rpst.: Long sword |    10 |    22 |    10 ||    42

Table legend: (Time is in decaauts)
 A = Elapsed time spent in this place.
 B = Non-inter-level travel time spent in this place.
 C = Inter-level travel time spent in this place.
 D = Time resting spent in this place.
 E = Time spent auto-exploring this place.
 F = Levels seen in this place.
 G = Mean time per level.
                   A        B        C        D        E       F      G
               +--------+--------+--------+--------+--------+-----+--------+
         Total |   3369 |   3264 |    105 |    329 |   2240 |   4 |  842.2 |
       Dungeon |   3369 |   3264 |    105 |    329 |   2240 |   4 |  842.2 |
               +--------+--------+--------+--------+--------+-----+--------+

Top non-repeatable levels by time:
     D:2: 1192 daAuts
     D:3: 1080 daAuts
     D:1: 700 daAuts
     D:4: 395 daAuts
